 Dungeon Crawl Stone Soup version 0.25.0-46-gbd7b0854d2 (webtiles) character file.

Game seed: 4642368230958810642

47 Aviak the Insei (level 3, 12/24 HPs)
             Began as an Octopode Transmuter on July 13, 2020.
             Quit the game on level 2 of the Dungeon.
             The game lasted 00:01:55 (1574 turns).

Aviak the Insei (Octopode Transmuter)               Turns: 1574, Time: 00:01:56

Health: 12/24      AC:  1    Str:  9    XL:     3   Next: 70%
Magic:  6/6        EV: 13    Int: 16    God:
Gold:   79         SH:  0    Dex: 12    Spells: 1/7 levels left

rFire    . . .     SeeInvis .     - Unarmed
rCold    . . .     Gourm    .   (no shield)
rNeg     . . .     Faith    .   (helmet restricted)
rPois    .         Spirit   .   (no amulet)
rElec    .         Reflect  .   (no ring)
rCorr    .         Harm     .   (no ring)
MR       .....                  (no ring)
Stlth    ++........             (no ring)
HPRegen  0.08/turn              (no ring)
MPRegen  0.10/turn              (no ring)
                                (no ring)
                                (no ring)

@: no status effects
A: almost no armour, stealthy swim, amphibious, 8 rings, constrict 8, camouflage
1, gelatinous body 1
a: no special abilities


You were on level 2 of the Dungeon.
You were very hungry.

You visited 1 branch of the dungeon, and saw 2 of its levels.

You collected 79 gold pieces.

Inventory:

Missiles
 a - 12 arrows
Scrolls
 e - a scroll of enchant weapon {unknown}
 f - a scroll of remove curse {unknown}
 g - a scroll of amnesia {unknown}
 h - a scroll of identify {unknown}
Potions
 b - a potion of haste {unknown}
 d - a potion of ambrosia {unknown}
 i - a potion of mutation {unknown}
 j - a potion of heal wounds {unknown}
Comestibles
 c - 5 rations


   Skills:
 + Level 2.1 Fighting
 - Level 2.0 Dodging
 - Level 3.0 Unarmed Combat
 + Level 2.6 Spellcasting
 + Level 2.7 Transmutations


You had one spell level left.
You knew the following spells:

 Your Spells              Type           Power        Failure   Level  Hunger
a - Beastly Appendage     Tmut           ##....       6%          1    #......
b - Sticks to Snakes      Tmut           ##......     10%         2    ##.....
c - Spider Form           Tmut/Pois      #.........   32%         3    ###....

Your spell library contained the following spells:

 Spells                   Type           Power        Failure   Level  Hunger
 Ice Form                 Ice/Tmut       #.......     73%         4    #####..
 Blade Hands              Tmut           ##........   87%         5    ######.


Dungeon Overview and Level Annotations

Branches:
Dungeon (2/15)

Altars:


Innate Abilities, Weirdness & Mutations

You cannot wear most types of armour.
You are very stealthy in the water. (Stealth+)
You are amphibious.
You can wear up to eight rings at the same time.
You can use your tentacles to constrict eight enemies at once.
Your skin changes colour to match your surroundings (Stealth+).
Your rubbery body absorbs attacks. (AC +1, EV +1)


Message History

Magic restored.
Your tentacle spike disappears.
A frilled lizard comes into view.
The frilled lizard hisses angrily.
A bat comes into view.
The bat moves out of view.
The orc priest shouts!
You tentacle-slap the frilled lizard.
You kill the frilled lizard!
You hear a shout!
An orc comes into view. It is wielding a +0 whip.
The bat hits you but does no damage.
An orc wizard comes into view. It is wielding a +0 dagger of draining.
The orc moves out of view.
There is an open door, spattered with blood here.
Unknown command.
The orc priest mumbles some strange prayers to Beogh against you.
Pain shoots through your body! The bat hits you. The bat closely misses you.
Are you sure you want to abandon this character and quit the game? (Confirm with "yes".)

....... #..# ....o.. #..##
....... #... ..[.... #..#
.......## #..# ......†.#
#..## ........#
####...##########
.....o.†###..............<#
........'b@#.#+#..#########
........##.#........#
........##.#........#
....!...##.#........#
........##.#........#
##########.#........#
#..........# ##.........#


You could see an orc priest and a bat.

Vanquished Creatures
  A gnoll (D:1)
  An ooze (D:1)
  2 dart slugs (D:1)
  A leopard gecko (D:1)
  3 bats (D:1)
  4 giant cockroaches (D:1)
  3 goblins (D:1)
  5 hobgoblins
  A ball python (D:1)
  A frilled lizard (D:2)
  2 kobolds
  4 rats (D:1)
28 creatures vanquished.

Notes
Turn   | Place    | Note
-------+----------+-------------------------------------------
     0 | D:1      | Aviak the Octopode Transmuter began the quest for the Orb.
     0 | D:1      | Reached XP level 1. HP: 13/13 MP: 3/3
    91 | D:1      | Reached XP level 2. HP: 7/18 MP: 5/5
   648 | D:1      | Reached XP level 3. HP: 16/24 MP: 6/6
   652 | D:1      | Learned a level 2 spell: Sticks to Snakes
   656 | D:1      | Learned a level 3 spell: Spider Form
  1574 | D:2      | Quit the game

Illustrated notes

Levels and vault maps discovered:
D:1:      dpeg_arrival_simpleton_b, layout_basic
D:2:      minmay_kobold_bridge, layout_basic, old_standard_altar, first_ration,
          uniq_natasha

Skill      XL: |  1  2  3 |
---------------+----------+-----
Fighting       | 2 |  2.1
Dodging        | |  2.0
Unarmed Combat | |  3.0
Spellcasting   | |  2.6
Transmutations | |  2.7

Action                   || total
-------------------------++-------
Melee: Unarmed           ||    68
       Constrict         ||    16
       Tentacles         ||    10
       Kick              ||     6
       Punch             ||     2
 Cast: Beastly Appendage ||     6
 Stab: Sleeping          ||    10
  Eat: Chunk             ||     1
Armor: Skin              ||     7
Dodge: Dodged            ||    45
